AoeStats
← MrFeuillu

Nomad

509467117Analyzed
2v2 RM · 4d ago on Sep 26, 2026· 55m 10s· 4 players
Game mode
Random Map
Map size
176×176
Population
200
Speed
Normal
Resources
Standard
Victory
Conquest
Starting age
Dark Age
Ending age
Imperial Age
RankedLock teamsTeams togetherTeam positionsShared explorationLock speedFull tech treeHidden civsTurbo modeCheats
Victory
Defeat
🇦🇷 Varangians · Argentina
1291
+18
🇦🇷 Saxons · Argentina
1277
+19
🇫🇷 Italians · France
1365
-20
🇫🇷 Huns · France
1301
-17
Lilita Carrió
3:42 Loom
14:03 Feudal Age
19:41 Castle Age
23:24 Double-Bit Axe
28:45 Horse Collar
36:19 Fletching
41:10 Bow Saw
41:39 Heavy Plow
42:29 Sanctity
43:48 Bodkin Arrow
43:55 Gold Mining
43:55 Stone Mining
44:45 Redemption
44:46 Town Watch
45:15 Scale Mail Armor
45:25 Forging
46:10 Padded Archer Armor
47:04 Chain Mail Armor
50:15 Imperial Age
48:23 Leather Archer Armor
47:50 Crossbowman
49:29 Thumb Ring
51:09 Ballistics
50:18 Arbalester
52:15 Ring Archer Armor
52:06 Bracer
52:44 Gold Shaft Mining
52:47 Murder Holes
54:37 Chemistry
Calavera
4:34 Loom
13:37 Feudal Age
18:25 Castle Age
21:57 Scale Barding Armor
21:52 Light Cavalry
28:01 Bloodlines
31:13 Husbandry
33:41 Forging
39:49 Imperial Age
40:54 Chain Barding Armor
41:22 Iron Casting
42:20 Plate Barding Armor
42:55 Conscription
42:05 Cavalier
43:44 Double-Bit Axe
43:41 Horse Collar
45:58 Heavy Plow
46:09 Bow Saw
45:52 Gold Mining
48:48 Wheelbarrow
49:15 Two-Man Saw
50:52 Blast Furnace
52:10 Fishing Lines
54:01 Crop Rotation
MrFeuillu
11:28 Loom
14:50 Feudal Age
30:22 Castle Age
32:51 Forging
56:06 Imperial Age
Don't Worry Be Happy
4:59 Loom
12:30 Feudal Age
15:54 Fletching
18:15 Town Watch
22:18 Castle Age
21:16 Padded Archer Armor
20:58 Horse Collar
22:24 Crossbowman
22:59 Bodkin Arrow
27:12 Scale Barding Armor
27:47 Forging
29:54 Bloodlines
32:16 Heavy Plow
37:42 Leather Archer Armor
42:18 Imperial Age
40:24 Wheelbarrow
41:44 Ballistics
42:01 Gold Mining
41:56 Double-Bit Axe
42:41 Masonry
43:35 Bow Saw
44:25 Conscription
45:33 Bracer
47:30 Thumb Ring
49:16 Husbandry
49:38 Chain Barding Armor
49:23 Light Cavalry
52:49 Hoardings
55:13 Ring Archer Armor
Connection lost

Rejoining the realm…

Still unreachable

The connection could not be restored.

Session expired

The server has moved on; the page needs a fresh start.